 Dungeon Crawl Stone Soup version 0.14-a0-1844-g8283a67 (webtiles) character file.

125 Deemzul the Skirmisher (level 3, -1/29 HPs)
             Began as a Demonspawn Fighter on Jan 11, 2014.
             Was a Follower of Cheibriados.
             Slain by a gnoll
             ... wielding a +0,+0 flail
              (2 damage)
             ... on Level 2 of the Dungeon.
             The game lasted 00:01:29 (1191 turns).

Deemzul the Skirmisher (Demonspawn Fighter)         Turns: 1191, Time: 00:01:29

HP  -1/29        AC  7     Str 19      XL: 3   Next: 48%
MP   3/3         EV  6     Int 11      God: Cheibriados [*.....]
Gold 78          SH 18     Dex 14      Spells:  0 memorised,  2 levels left

rFire  . . .     SeeInvis .     a - +0 hand axe
rCold  . . .     Clarity  .     b - +0 scale mail
rNeg   . . .     Conserve .     c - +0 shield
rPois  +         rCorr    .     (no helmet)
rElec  .         rRot     .     (no cloak)
SustAb . .       Spirit   .     (no gloves)
rMut   .         Warding  .     q - +0 pair of boots
Saprov + . .     Stasis   .     (no amulet)
                                (no ring)
                                l - ring of poison resistance {unknown}

@: very slow, not resistant to hostile enchantments, extremely unstealthy
A: talons 1, saprovore 1
a: Bend Time, Renounce Religion


You were on level 2 of the Dungeon.
You worshipped Cheibriados.
Cheibriados was aware of your devotion.
You were not hungry.

You visited 1 branch of the dungeon, and saw 3 of its levels.

You collected 78 gold pieces.

Inventory:

Hand weapons
 a - a +0,+0 hand axe (weapon)
Armour
 b - a +0 scale mail (worn)
 c - a +0 shield (worn)
 q - a +0 pair of boots (worn)
Comestibles
 d - 2 bread rations
 k - a pear
 m - 2 apples
Scrolls
 f - a scroll of teleportation {unknown}
 g - 3 scrolls of identify {unknown}
 h - 4 scrolls of remove curse {unknown}
 i - 2 scrolls of blinking {unknown}
 o - a scroll of magic mapping {unknown}
 p - a scroll of random uselessness {unknown}
Jewellery
 l - a ring of poison resistance (left hand) {unknown}
Potions
 e - 2 potions of heal wounds {unknown}
 j - a potion of confusion {unknown}
 n - a potion of curing {unknown}
 r - a potion of poison {unknown}
 s - a potion of speed {unknown}


   Skills:
 + Level 3.5 Fighting
 * Level 3.1 Axes
 - Level 2.6 Armour
 - Level 2.6 Shields


You had 2 spell levels left.
You didn't know any spells.

Dungeon Overview and Level Annotations

Branches:
Dungeon (3/16)

Altars:
Cheibriados
Yredelemnul


Innate Abilities, Weirdness & Mutations

You have sharp toenails.
You can tolerate rotten meat.


Message History

The gnoll hits you but does no damage.
Unknown command.
You hit the gnoll.
The gnoll is heavily wounded.
You block the gnoll's attack. The gnoll hits you but does no damage.
You barely miss the gnoll.
The gnoll is heavily wounded.
The gnoll hits you with a flail.
* * * LOW HITPOINT WARNING * * *
You are too injured to fight recklessly!
You are too injured to fight recklessly!
You are too injured to fight recklessly!
You hit the gnoll.
The gnoll is severely wounded.
The gnoll hits you with a flail.
* * * LOW HITPOINT WARNING * * *
You hit the gnoll.
The gnoll is almost dead.
The gnoll hits you with a flail.
You die...

##############.####..#<#.........
...............%.........####.###
########.#####.#####.#...........
#### #.# #.# #.#.#.##.##### ...#
#.# ##.## #.#.#.##...#
.#.#####.####...####.#.#.####.#
.#.#............(......#)# #.#
........#####...####%###.# #)#
...#.#### #...%@..#.###.####.#
#....# ##.#g##.#........#.###
..##.# #._..##.####.#........
.###.# ##.#.##.##...#...#.###
>###.# #(##.##.##.#####...#
.....# ##.##.##<##...#...###
##.########.#...##.####.#.###
#...........#####.# #...#
###########...>...# #####


You could see a gnoll.

Vanquished Creatures
  2 giant geckos (D:2)
  3 giant cockroaches (D:1)
  6 hobgoblins
  12 jackals
  2 bats (D:2)
  3 giant newts (D:1)
  6 goblins
  7 rats
41 creatures vanquished.

Notes
Turn   | Place    | Note
--------------------------------------------------------------
     0 | D:1      | Deemzul, the Demonspawn Fighter, began the quest for the Orb.
     0 | D:1      | Reached XP level 1. HP: 18/18 MP: 1/1
    89 | D:1      | Gained mutation: You have sharp toenails. [demonic ancestry]
    89 | D:1      | Reached XP level 2. HP: 16/24 MP: 2/2
   524 | D:2      | Found a snail-covered altar of Cheibriados.
   532 | D:2      | Became a worshipper of Cheibriados the Contemplative
   687 | D:2      | Gained mutation: You can tolerate rotten meat. [demonic ancestry]
   687 | D:2      | Reached XP level 3. HP: 29/29 MP: 3/3
   767 | D:2      | Found a basalt altar of Yredelemnul.
  1190 | D:2      | HP: 1/29 [gnoll/flail (4)]
  1191 | D:2      | Slain by a gnoll

Action                   || total
-------------------------++-------
Melee: Hand axe          ||   116
